 Dungeon Crawl Stone Soup version 0.29-a0-409-gd843f3a48c (webtiles) character file.

Game seed: 12619359618704209773

296 Hubjo the Firebug (level 6, -2/36 HPs)
             Began as a Deep Elf Fire Elementalist on May 13, 2022.
             Slain by a crimson imp (3 damage)
             ... summoned by Xom
             ... on level 2 of the Dungeon.
             The game lasted 00:02:50 (2325 turns).

Hubjo the Firebug (Deep Elf Fire Elementalist)      Turns: 2325, Time: 00:02:53

Health: -2/36      AC:  2    Str:  5    XL:     6   Next: 12%
Magic:  13/14      EV: 12    Int: 22    God:
Gold:   92         SH:  0    Dex: 15    Spells: 13/14 levels left

rFire   . . .      SeeInvis .   (no weapon)
rCold   . . .      Faith    .   (no shield)
rNeg    . . .      Spirit   .   a - +0 robe
rPois   .          Reflect  .   (no helmet)
rElec   .          Harm     .   (no cloak)
rCorr   .          Rampage  .   (no gloves)
Will    .....                   (no boots)
Stlth   +++.......              (no amulet)
HPRegen 0.12/turn               e - ring of flight
MPRegen 0.14/turn               (no ring)

@: flying
A: no striking features
a: no special abilities


You were on level 2 of the Dungeon.
You visited 1 branch of the dungeon, and saw 2 of its levels.

You collected 92 gold pieces.

Inventory:

Armour
 a - a +0 robe (worn)
Jewellery
 e - a ring of flight (left hand)
Scrolls
 f - 2 scrolls of teleportation
 j - a scroll of enchant armour {unknown}
Potions
 b - a potion of magic
 c - a potion of curing {unknown}
 d - 2 potions of lignification {unknown}
 i - a potion of mutation {unknown}


   Skills:
 + Level 2.6 Fighting
 - Level 2.4 Dodging
 + Level 4.3 Stealth
 + Level 4.6 Spellcasting
 - Level 1.1 Conjurations
 * Level 4.8 Fire Magic


You had 13 spell levels left.
You knew the following spells:

 Your Spells              Type           Power      Damage    Failure   Level
a - Foxfire               Conj/Fire      72%        2x1d7     3%          1

Your spell library contained the following spells:

 Spells                   Type           Power      Damage    Failure   Level
 Scorch                   Fire           52%        2d8       2%          2
 Conjure Flame            Conj/Fire      18%        6-21      10%         3
 Inner Flame              Hex/Fire       15%        N/A       12%         3
 Flame Wave               Conj/Fire      18%        2d6       30%         4
 Summon Cactus Giant      Summ           2%         N/A       100%        6


Dungeon Overview and Level Annotations

Branches:
Dungeon (2/15)

Altars:
Xom


Message History

The slug dart misses you.
You conjure some foxfire!
The foxfire hits the dart slug.
The dart slug is almost dead.
The foxfire hits the dart slug.
You kill the dart slug!
You conjure some foxfire!
Your foxfire dissipates!
Your foxfire dissipates! x2
Your foxfire dissipates!
A goblin comes into view. It is wielding a +0 dagger.
Found a scroll labelled YTUWKO VEBI.
A goblin is nearby!
A goblin is nearby!
A goblin is nearby!
You conjure some foxfire!
You conjure some foxfire!
The foxfire hits the goblin.
The goblin is severely wounded.
The foxfire hits the goblin.
You kill the goblin!
You conjure some foxfire!
You conjure some foxfire!
Your foxfire dissipates! x2
Your foxfire dissipates! x3
Your foxfire dissipates!
You hear Xom's maniacal laughter.
There are monsters nearby!
There are monsters nearby!
There are monsters nearby!
The air fills with toxic fumes!
As you read the scroll labelled VEZA NO XEDUU, it crumbles to dust.
It was a scroll of poison.
As you read the scroll labelled ZIYLOU VOEROC, it crumbles to dust.
It is a scroll of identify.
f - 2 scrolls of teleportation The ufetubus closely misses you. x2; The ice devil hits you!
The ice devil freezes you!!
Ouch! That really hurt!
* * * LOW HITPOINT WARNING * * *
The crimson imp hits you.
You die...

##. #§. #§#
##############§########
.........§§.##§§§§§§§§#
.........§§§##§§§§§§§§#
...........§§§555§5§§§#
..(.........##4544.§§§#
......).....####@5#####
...........## #544#
...##....)## 55§.#
######...## #§#§§§§
###.# #§ #§§§§ #.### #§
###§§§ # #...# #§# §§§
## ###.# #§# ## .####
#.# ##. .#


You could see 2 hellwings, an ice devil (summoned), 2 chaos spawn, 2 iron imps,
a crimson imp (summoned), 3 white imps, a shadow imp (summoned) and 2 ufetubi.

Vanquished Creatures
  Sigmund (D:2)
  An ogre (D:2)
  2 dart slugs (D:2)
  4 bats
  5 endoplasms
  2 giant cockroaches (D:1)
  8 goblins
  6 hobgoblins
  6 ball pythons
  3 frilled lizards (D:1)
  3 kobolds (D:1)
  2 rats
43 creatures vanquished.

Vanquished Creatures (others)
  237 foxfires
237 creatures vanquished.

Grand Total: 280 creatures vanquished

Notes
Turn   | Place    | Note
-------+----------+-------------------------------------------
     0 | D:1      | Hubjo the Deep Elf Fire Elementalist began the quest for
                  | the Orb.
     0 | D:1      | Reached XP level 1. HP: 10/10 MP: 6/6
   300 | D:1      | Reached XP level 2. HP: 16/16 MP: 2/8
   542 | D:1      | Reached skill level 1 in Fighting
   656 | D:1      | Found a faded altar of an unknown god.
   679 | D:1      | Prayed at the altar of an unknown god.
   679 | D:1      | Became a worshipper of Xom of Chaos
  1030 | D:1      | Reached XP level 3. HP: 20/20 MP: 5/9
  1396 | D:1      | Fell from the grace of Xom
  1777 | D:2      | Noticed an ogre
  1787 | D:2      | Killed an ogre
  1788 | D:2      | Reached XP level 4. HP: 22/26 MP: 6/12
  2172 | D:2      | Noticed Sigmund
  2178 | D:2      | Killed Sigmund
  2179 | D:2      | Reached XP level 5. HP: 24/31 MP: 7/13
  2179 | D:2      | Reached XP level 6. HP: 28/36 MP: 7/14
  2323 | D:2      | XOM: summons 14 hostile demons
  2324 | D:2      | Noticed a hellwing
  2324 | D:2      | Noticed an ice devil
  2324 | D:2      | Noticed a chaos spawn
  2324 | D:2      | Noticed a chaos spawn
  2324 | D:2      | Noticed a hellwing
  2325 | D:2      | HP: 1/36 [ice devil[Xom] (21)]
  2325 | D:2      | Slain by a crimson imp

Illustrated notes

Levels and vault maps discovered:
D:1:      minmay_arrival_pointy, layout_basic,
          nicolae_ecumenical_snake_handling, fountainhead
D:2:      layout_rooms, uniq_robin, uniq_crazy_yiuf_cottage, uniq_sigmund

Skill      XL: |  1  2  3  4 |
---------------+-------------+-----
Fighting       | 1 2 |  2.6
Stealth        | 3 4 |  4.3
Spellcasting   | 4 |  4.6
Fire Magic     | 4 |  4.8
Dodging        | |  2.4
Conjurations   | |  1.1

Action                   |  1- 3 |  4- 6 || total
-------------------------+-------+-------++-------
Melee: Unarmed           |     2 |       ||     2
 Cast: Foxfire           |   103 |    36 ||   139
Invok: Renounce Religion |     1 |       ||     1
  Use: Scroll            |       |     2 ||     2
Armor: Robe              |     3 |       ||     3
Dodge: Dodged            |    10 |     5 ||    15

Table legend: (Time is in decaauts)
 A = Elapsed time spent in this place.
 B = Non-inter-level travel time spent in this place.
 C = Inter-level travel time spent in this place.
 D = Time resting spent in this place.
 E = Time spent auto-exploring this place.
 F = Levels seen in this place.
 G = Mean time per level.
                   A        B        C        D        E       F      G
               +--------+--------+--------+--------+--------+-----+--------+
         Total |   2325 |   2314 |     11 |      0 |   2038 |   2 | 1162.5 |
       Dungeon |   2325 |   2314 |     11 |      0 |   2038 |   2 | 1162.5 |
               +--------+--------+--------+--------+--------+-----+--------+

Top non-repeatable levels by time:
     D:1: 1723 daAuts
     D:2: 601 daAuts
